 Dungeon Crawl Stone Soup version 0.28.0-43-g3370ac3207 (webtiles) character file.

Game seed: 967452351736256738

10126 skusey55 the Carver (level 11, -6/101 HPs)
             Began as a Minotaur Fighter on Mar 3, 2022.
             Was a Believer of the Shining One.
             Mangled by a catoblepas (16 damage)
             ... on level 2 of the Lair of Beasts on Mar 17, 2022.
             The game lasted 00:42:48 (8643 turns).

skusey55 the Carver (Minotaur Fighter)              Turns: 8643, Time: 00:42:48

Health: -6/101     AC: 16    Str: 35    XL:     11   Next: 32%
Magic:  10/10      EV:  6    Int:  9    God:    the Shining One [**....]
Gold:   423        SH:  5    Dex: 11    Spells: 10/10 levels left

rFire   . . .      SeeInvis +   M - +4 scimitar
rCold   . . .      Faith    .   q - +0 buckler
rNeg    + . .      Spirit   .   Q - +6 scale mail of Temperance {Contam Will+ Str+3 SInv}
rPois   .          Reflect  .   (helmet restricted)
rElec   .          Harm     .   (no cloak)
rCorr   +          Rampage  .   v - +0 pair of gloves "Legaiss" {*Slow Int+4 Dex+2 Stlth+}
Will    +....                   (no boots)
Stlth   +.........              S - amulet of magic regeneration
HPRegen 0.26/turn               m - ring of resist corrosion
MPRegen 0.52/turn               I - +6 ring of strength

@: about to teleport, petrifying (expiring), glowing, very slow
A: horns 2, retaliatory headbutt
a: Renounce Religion, Divine Shield


You were on level 2 of the Lair of Beasts.
You worshipped the Shining One.
The Shining One was pleased with you.
You visited 3 branches of the dungeon, and saw 11 of its levels.

You collected 423 gold pieces.

Inventory:

Hand Weapons
 a - a +0 war axe
 k - a +2 long sword of electrocution
 G - a +0 whip of freezing
 K - a +3 great sword
 L - a +1 dagger of draining
 M - a +4 scimitar (weapon)
 O - a +3 rapier of venom
Missiles
 f - 8 poisoned darts (quivered)
Armour
 b - a +0 scale mail
 c - a +0 buckler
 g - a +0 ring mail
 o - a +0 ring mail
 q - a +0 buckler (worn)
 v - the +0 pair of gloves "Legaiss" (worn) {*Slow Int+4 Dex+2 Stlth+}
   (You found it on level 4 of the Dungeon)

   Int:       It affects your intelligence (+4).
   Dex:       It affects your dexterity (+2).
   *Slow:     It may slow you when you take damage.
   Stlth:     It makes you more stealthy.
 F - a +0 helmet
 P - a +0 ring mail
 Q - the +6 scale mail of Temperance (worn) {Contam Will+ Str+3 SInv}
   (You found it on level 7 of the Dungeon)

   Str:       It affects your strength (+3).
   SInv:      It lets you see invisible.
   Contam:    It causes magical contamination when unequipped.
   Will:      It increases your willpower.
Magical Staves
 B - a staff of air
Jewellery
 e - a ring of fire
 m - a ring of resist corrosion (left hand)
 I - a +6 ring of strength (right hand)
 R - a ring of poison resistance
 S - an amulet of magic regeneration (around neck)
 V - a ring of magical power
Scrolls
 h - a scroll of blinking {unknown}
 l - 4 scrolls of identify
 r - 2 scrolls of enchant weapon {unknown}
 s - 3 scrolls of noise {unknown}
 t - a scroll of holy word {unknown}
 w - 2 scrolls of teleportation
 x - a scroll of immolation {unknown}
 y - 3 scrolls of vulnerability {unknown}
 A - a scroll of fog {unknown}
 C - a scroll of enchant armour {unknown}
 H - a scroll of fear {unknown}
 T - a scroll of summoning {unknown}
Potions
 d - 2 potions of might
 i - 3 potions of cancellation
 n - 2 potions of attraction {unknown}
 p - 2 potions of haste
 u - a potion of lignification {unknown}
 z - 3 potions of curing
 D - a potion of brilliance
 E - a potion of ambrosia {unknown}
 J - a potion of flight {unknown}
 N - a potion of magic {unknown}
 U - 2 potions of mutation {unknown}


   Skills:
 + Level 10.3 Fighting
 + Level 13.6 Long Blades
 + Level 2.9 Axes
 + Level 0.2 Throwing
 + Level 9.5 Armour
 + Level 5.8 Dodging
 + Level 1.5 Stealth
 + Level 7.8 Shields


You had 10 spell levels left.
You didn't know any spells.
Your spell library contained the following spells:

 Spells                   Type           Power      Damage    Failure   Level
 Beastly Appendage        Tmut           0%         N/A       65%         1
 Freeze                   Ice            0%         1d3       65%         1
 Sublimation of Blood     Necr           0%         N/A       78%         2
 Wereblood                Tmut           0%         N/A       78%         2
 Confusing Touch          Hex            0%         N/A       95%         3
 Frozen Ramparts          Ice            0%         1d2       95%         3
 Spider Form              Tmut/Pois      0%         N/A       95%         3
 Hailstorm                Conj/Ice       0%         3d3       100%        4
 Iskenderun's Battlesphe  Conj           0%         2d6       100%        5
 Yara's Violent Unravell  Hex/Tmut       0%         3d3       100%        5
 Iron Shot                Conj/Erth      0%         9d1       100%        6
 Enfeeble                 Hex            0%         N/A       100%        7
 Spellforged Servitor     Conj/Summ      0%         N/A       100%        7
 Summon Hydra             Summ           0%         N/A       100%        7


Dungeon Overview and Level Annotations

Branches:
Dungeon (8/15)             Temple (1/1) D:5            Lair (2/6) D:8
  Swamp: Lair:2-4    Shoals: Lair:2-4     Snake: Lair:2-4    Spider: Lair:2-4

Altars:
Elyvilon
Fedhas
Hepliaklqana
Nemelex Xobeh
Ru
Sif Muna
Trog
Uskayaw
Vehumet
Wu Jian
Xom
Zin
The Shining One

Shops:
D:4 (   D:6 (

Annotations:
D:2 Sigmund


Innate Abilities, Weirdness & Mutations

You have a pair of horns on your head.
You reflexively headbutt those who attack you in melee.


Message History

You are engulfed in calcifying dust.
The blink frog is no longer petrified.
The blink frog hits you but does no damage.
The catoblepas barely misses you.
The blink frog hits you but does no damage.
You are engulfed in calcifying dust.
The komodo dragon stops moving altogether!
The catoblepas gores you but does no damage.
The blink frog hits you!
* * * LOW HITPOINT WARNING * * *
The blink frog blinks!
The blink frog is engulfed in calcifying dust.
The blink frog is moving more slowly.
The blink frog hits you but does no damage.
The catoblepas gores you!!
* * * LOW HITPOINT WARNING * * *
The blink frog blinks!
The blink frog blinks!
The blink frog is engulfed in calcifying dust.
The blink frog stops moving altogether!
The blink frog is engulfed in calcifying dust.
The catoblepas breathes a plume of calcifying dust at you.
The blast of calcifying dust hits you!
* * * LOW HITPOINT WARNING * * *
The blast of calcifying dust hits the blink frog! x2
The blink frog dies!
The blink frog is engulfed in calcifying dust.
You turn to flesh and can move again.
You feel much better.
You are engulfed in calcifying dust.
You are slowing down.
The blink frog is engulfed in calcifying dust.
The blink frog hits you.
* * * LOW HITPOINT WARNING * * *
You block the catoblepas's attack.
The blink frog is engulfed in calcifying dust.
As you read the scroll of teleportation, it crumbles to dust.
You feel strangely unstable.
You are engulfed in calcifying dust.
Your limbs have turned to stone.
The blink frog hits you!
* * * LOW HITPOINT WARNING * * *
The catoblepas gores you!!
You die...

.. ....... #. .
....... #.#. .......
#..# ....... ## #.P#
###....... ##.##..###
#.........
.......#§###.P.......
#....lY@F§§.......
##..#.F####.####..
##..#### ## #(†..#
##..## ##F.# #...#
### ###...###.##
.###.#..##....#


You could see a catoblepas, a komodo dragon (petrified) and 2 blink frogs.

Vanquished Creatures
  Pikel (D:5)
  2 black mambas (Lair:1)
  3 cane toads (Lair:1)
  An unseen horror (D:6)
  2 komodo dragons (D:8)
  A polar bear (Lair:1)
  3 blink frogs (Lair:2)
  2 wyverns
  Eustachio (D:6)
  14 yaks
  A basilisk (Lair:1)
  5 water moccasins
  An acid dragon (D:5)
  An ice beast (D:5)
  2 sky beasts
  2 hornet zombies
  2 orc warriors (D:7)
  3 black bears
  3 ogres
  A phantom (D:4)
  2 lemures (D:4)
  10 bullfrogs
  A scorpion (D:4)
  3 water moccasin skeletons
  4 killer bees (D:8)
  4 wights (D:6)
  An electric eel (Lair:1)
  A howler monkey (D:8)
  2 bullfrog zombies
  2 centaur zombies
  2 hounds (D:5)
  A jelly (D:6)
  An orc priest (D:5)
  A bullfrog skeleton (D:5)
  2 centaur skeletons
  4 iguanas
  Terence (D:2)
  An orc wizard (D:7)
  Natasha (twice) (D:3)
  2 hell rats (Lair:2)
  2 killer bee zombies
  A hound skeleton (D:4)
  A howler monkey zombie (D:6)
  9 adders
  3 river rats (Lair:2)
  A white imp (D:7)
  2 worms
  2 dart slugs
  8 orcs
  6 endoplasms
  A giant cockroach (D:3)
  4 goblins
  11 hobgoblins
  6 jackals
  A quokka (D:3)
  9 ball pythons
  3 bats (D:1)
  6 frilled lizards
  7 kobolds
  10 rats
  4 bushes (D:1)
195 creatures vanquished.

Vanquished Creatures (others)
  A blink frog (Lair:2)
  54 fungi
  54 plants
109 creatures vanquished.

Grand Total: 304 creatures vanquished

Notes
Turn   | Place    | Note
-------+----------+-------------------------------------------
     0 | D:1      | skusey55 the Minotaur Fighter began the quest for the Orb.
     0 | D:1      | Reached XP level 1. HP: 19/19 MP: 0/0
   105 | D:1      | Reached XP level 2. HP: 25/27 MP: 1/1
   509 | D:1      | Found a faded altar of an unknown god.
   767 | D:2      | Reached XP level 3. HP: 8/34 MP: 2/2
  1121 | D:2      | Noticed Sigmund
  1709 | D:2      | Noticed Terence
  1715 | D:2      | Killed Terence
  1716 | D:2      | Reached skill level 1 in Long Blades
  1716 | D:2      | Reached skill level 1 in Dodging
  1716 | D:2      | Reached XP level 4. HP: 25/41 MP: 3/3
  2124 | D:3      | Noticed Natasha
  2136 | D:3      | Killed Natasha
  2551 | D:3      | Reached skill level 2 in Long Blades
  2551 | D:3      | Reached XP level 5. HP: 45/47 MP: 4/4
  2605 | D:3      | Noticed Natasha
  2620 | D:3      | Killed Natasha
  2706 | D:4      | Reached skill level 3 in Long Blades
  2712 | D:4      | Noticed a phantom
  2719 | D:4      | Killed a phantom
  2720 | D:4      | Reached skill level 5 in Fighting
  2720 | D:4      | Reached XP level 6. HP: 51/56 MP: 5/5
  2762 | D:4      | Identified the +0 pair of gloves "Legaiss" {*Slow Int+4
                  | Dex+2 Stlth+}
  2898 | D:4      | Found a white marble altar of Elyvilon.
  2908 | D:4      | Became a worshipper of Elyvilon the Healer
  3131 | D:4      | Found Sisymei's Antique Weapon Emporium.
  3303 | D:4      | Reached skill level 4 in Long Blades
  3303 | D:4      | Reached skill level 5 in Armour
  3393 | D:5      | Entered Level 5 of the Dungeon
  3408 | D:5      | Noticed a sky beast
  3414 | D:5      | Killed a sky beast
  3415 | D:5      | Reached XP level 7. HP: 34/61 MP: 6/6
  3426 | D:5      | Reached skill level 5 in Long Blades
  3652 | D:5      | Reached skill level 5 in Shields
  3781 | D:5      | Found a staircase to the Ecumenical Temple.
  3783 | D:5      | Noticed Pikel
  4076 | D:4      | HP: 1/61 [orc priest/divine providence (14)]
  4092 | D:5      | HP: 1/61 [adder (3)]
  4120 | D:5      | HP: 3/61 [poisoned by an adder]
  4189 | D:5      | Killed Pikel
  4190 | D:5      | Reached skill level 6 in Long Blades
  4190 | D:5      | Reached XP level 8. HP: 45/70 MP: 7/7
  4319 | D:5      | Reached * piety under Elyvilon
  4343 | Temple   | Entered the Ecumenical Temple
  4364 | Temple   | Fell from the grace of Elyvilon
  4364 | Temple   | Became a worshipper of the Shining One
  4566 | D:5      | Reached skill level 7 in Long Blades
  5233 | D:6      | Reached skill level 1 in Stealth
  5244 | D:6      | Reached XP level 9. HP: 18/78 MP: 8/8
  5511 | D:6      | Reached skill level 8 in Long Blades
  5749 | D:6      | Noticed Eustachio
  5750 | D:6      | Reached * piety under the Shining One
  5753 | D:6      | Killed Eustachio
  5967 | D:6      | Found Eneghe Ygra's Weapon Shop.
  6055 | D:6      | Noticed an unseen horror
  6059 | D:6      | Killed an unseen horror
  6060 | D:6      | Reached skill level 9 in Long Blades
  6656 | D:7      | Identified the +6 scale mail of Temperance {Contam Will+
                  | Str+3 SInv}
  6835 | D:7      | Reached skill level 10 in Long Blades
  7256 | D:8      | Reached ** piety under the Shining One
  7275 | D:8      | Reached XP level 10. HP: 57/89 MP: 9/9
  7304 | D:8      | Reached skill level 5 in Dodging
  7489 | D:8      | Found a staircase to the Lair.
  7564 | D:8      | Reached skill level 11 in Long Blades
  7788 | Lair:1   | Entered Level 1 of the Lair of Beasts
  7892 | Lair:1   | Noticed a cane toad
  7897 | Lair:1   | Killed a cane toad
  7904 | Lair:1   | Noticed a black mamba
  7916 | Lair:1   | Killed a black mamba
  7930 | Lair:1   | Reached skill level 12 in Long Blades
  8051 | Lair:1   | Noticed a cane toad
  8062 | Lair:1   | Killed a cane toad
  8063 | Lair:1   | Reached XP level 11. HP: 53/99 MP: 10/10
  8419 | Lair:1   | Reached skill level 10 in Fighting
  8449 | Lair:1   | Reached skill level 13 in Long Blades
  8596 | Lair:2   | Noticed a catoblepas
  8641 | Lair:2   | HP: 4/101 [catoblepas/blast of calcifying dust (4)]
  8643 | Lair:2   | Mangled by a catoblepas

Illustrated notes

Levels and vault maps discovered:
D:1:      psy_arrival_dodecagon, layout_loops_ring, serial_forest,
          infiniplex_forest_lined_ring, infiniplex_forest_3_way,
          infiniplex_forest_clump_C, infiniplex_forest_end_1,
          infiniplex_forest_lined_2, infiniplex_forest_clump_tiny,
          shapermc_ecumenical_altar_mp_ritualfount
D:2:      layout_basic, amethyst_killhole, uniq_terence, uniq_sigmund
D:3:      layout_basic, corexii_shack, minmay_starry_boxes, uniq_natasha
D:4:      layout_basic, elyvilon_altar_3, serial_shops, nicolae_shop_crystal
D:5:      layout_rooms, minmay_temple_entry_proselytizer,
          kennysheep_small_square, uniq_pikel
D:6:      minmay_chambers_of_fours, layout_loops_cross, serial_shops, shop,
          kennysheep_generic_room_13, uniq_eustachio
D:7:      layout_layer_cave
D:8:      layout_loops_ring, due_lair_maze_entry_diamond
Temple:   nicolae_temple_the_god_donut
Lair:1:   layout_long_grid, lemuel_fruit_tree, grunt_megastairs_4,
          infiniplex_staircase_pool
Lair:2:   layout_small_grid, kennysheep_abandoned_house

Skill      XL: |  1  2  3  4  5  6  7  8  9 10 11 |
---------------+----------------------------------+-----
Fighting       | 4 5 6 8 9 10 | 10.3
Shields        | 4 5 6 7 |  7.8
Armour         | 4 5 6 7 8 9 |  9.5
Long Blades    | 1 2 3 4 6 7 10 12 13 | 13.6
Dodging        | 1 2 3 4 5 |  5.8
Stealth        | 1 |  1.5
Axes           | |  2.9
Throwing       | |  0.2

Action                   |  1- 3 |  4- 6 |  7- 9 | 10-12 || total
-------------------------+-------+-------+-------+-------++-------
Melee: War axe           |   108 |       |       |       ||   108
       Headbutt          |    51 |    12 |    40 |    39 ||   142
       Long sword        |    85 |    98 |    83 |       ||   266
       Scimitar          |       |       |    91 |   148 ||   239
Throw: Dart              |       |       |     1 |       ||     1
  Use: Potion            |     1 |       |     4 |     2 ||     7
       Scroll            |       |       |       |     2 ||     2
Armor: Scale mail        |    56 |    42 |    89 |    58 ||   245
Dodge: Dodged            |    32 |    52 |    87 |    69 ||   240
Block: Buckler           |    17 |    28 |    47 |    28 ||   120
